 Dungeon Crawl Stone Soup version 0.17-a0-229-g5ae695d (webtiles) character file.

731 inmateoo the Sneak (level 7, 0/32 HPs)
             Began as a Spriggan Enchanter on Mar 29, 2015.
             Succumbed to a killer bee's poison
             ... on level 5 of the Dungeon.
             The game lasted 00:11:22 (4597 turns).

inmateoo the Sneak (Spriggan Enchanter)             Turns: 4597, Time: 00:11:23

Health: 0/32       AC:  7    Str:  4    XL:     7   Next: 45%
Magic:  2/20       EV: 21    Int: 17    God:
Gold:   140        SH:  0    Dex: 18    Spells: 5 memorised, 0 levels left

rFire  . . .     SeeInvis +     f - +2 rapier (curse)
rCold  . . .     Clarity  .     b - +1 robe
rNeg   . . .     SustAb   +     (shield restricted)
rPois  .         Gourm    .     (helmet restricted)
rElec  .         Spirit   .     o - +0 cloak (curse)
rCorr  .         Warding  .     (gloves unavailable)
rMut   +         Stasis   .     (boots unavailable)
MR     +....                    r - amulet of resist mutation (curse)
Stlth  ++++......               t - ring of sustain abilities (curse)
                                g - +3 ring of protection (curse)

@: lethally poisoned (0 -> -20), very quick, somewhat resistant to hostile
enchantments, stealthy
A: unfitting armour, see invisible, herbivore 3, speed 3, slow metabolism 2
a: no special abilities


You were on level 5 of the Dungeon.
You were very hungry.

You visited 1 branch of the dungeon, and saw 5 of its levels.
You also visited: Ossuary.

You collected 140 gold pieces.

Inventory:

Hand weapons
 a - a cursed +1 dagger
 e - a +0 dagger of venom
 f - a cursed +2 rapier (weapon)
Missiles
 j - 4 needles of slowing
 v - 6 needles of frenzy
Armour
 b - a +1 robe (worn)
 o - a cursed +0 cloak (worn)
Jewellery
 g - a cursed +3 ring of protection (left hand)
 i - a +3 ring of strength
 r - a cursed amulet of resist mutation (around neck)
 t - a cursed ring of sustain abilities (right hand)
Magical devices
 x - a wand of magic darts (40)
Scrolls
 h - a scroll of recharging
Potions
 n - a potion of cancellation
 u - a potion of magic
Books
 c - a book of Maledictions

   Spells                             Type                      Level
   a - Corona                         Hexes                        1
   b - Ensorcelled Hibernation        Hexes/Ice                    2
   c - Confuse                        Hexes                        3
   d - Dazzling Spray                 Conjuration/Hexes            3
   e - Enslavement                    Hexes                        4
Comestibles
 d - 3 bread rations
 w - 9 fruits


   Skills:
 * Level 4.5 Short Blades
 + Level 5.0 Dodging
 * Level 7.8 Stealth
 + Level 3.9 Spellcasting
 * Level 6.1 Hexes
 + Level 1.9 Evocations


You couldn't memorise any spells.
You knew the following spells:

 Your Spells              Type           Power        Failure   Level  Hunger
a - Corona                Hex            ###....      1%          1    None
b - Ensorcelled Hibernat  Hex/Ice        ##....       10%         2    ##.....
c - Confuse               Hex            ###.....     4%          3    ###....
d - Dazzling Spray        Conj/Hex       ##......     14%         3    ###....
e - Enslavement           Hex            ###.....     14%         4    ####...


Dungeon Overview and Level Annotations

Branches:
Dungeon (5/15)
 Temple: D:4-7

Altars:
Vehumet

Shops:
D:5 }

Annotations:
D:5 Eustachio


Innate Abilities, Weirdness & Mutations

You are tiny and cannot use many weapons and most armour.
You have supernaturally acute eyesight.
You are a herbivore.
You cover ground extremely quickly.
You need consume almost no food.


Message History

The killer bee poisons you!
Unknown command.
Unknown command.
Casting: Ensorcelled Hibernation
Confirm with . or Enter, or press ? or * to list all spells.
Aiming: Ensorcelled Hibernation
Press: ? - help, Shift-Dir - straight line, f/p - killer bee
Aim: a killer bee (chance 52%)
The killer bee resists with significant effort.
* * * LOW HITPOINT WARNING * * *
You feel sick. The killer bee barely misses you. The killer bee misses you.
Unknown command.
Unknown command.
Casting: Ensorcelled Hibernation
Confirm with . or Enter, or press ? or * to list all spells.
Aiming: Ensorcelled Hibernation
Press: ? - help, Shift-Dir - straight line, f/p - killer bee
Aim: a killer bee (chance 52%)
The killer bee resists with significant effort.
You die...

.#.....# **###...##......#*..
.#.....### #...#...##......#**.
.#.......# #...###########.#**,
<#.......# #...# *,......,,,
##.......# #...# ####....y..,,*
##.....### ###...# #...,......,,*
.......# #.....###'###.y,...,,*
.#..#..#####.....#.....#.###'##**
.#........[.....@#.♣.♣.#........*
.##.########.....y..∩..'†.....!.*
....# #.....#.♣.♣.##.......*
##### #######.....#*,..(..,*
###'###*,,....,* #.#***,,,...,*
#..,,,,,,,#*** ####**,,,,* *,,,,*


You could see a killer bee.

Vanquished Creatures
  A water moccasin zombie (Ossuary)
  4 killer bees (D:5)
  A giant frog zombie (Ossuary)
  A jelly (D:5)
  A quasit (D:5)
  A giant frog skeleton (D:5)
  2 orc wizards (D:5)
  2 worker ants (D:4)
  Ijyb (D:2)
  Jessica (D:3)
  6 mummies (Ossuary)
  2 hound zombies (Ossuary)
  2 worker ant zombies (Ossuary)
  4 adders
  A shadow imp (D:5)
  4 giant geckos
  An ooze (D:2)
  6 orcs
  A bat zombie (Ossuary)
  6 goblins
  9 hobgoblins
  A quokka (D:5)
  10 bats
  A giant cockroach (D:3)
  A giant cockroach zombie (Ossuary)
  3 giant newts
  3 jackals (D:3)
  6 kobolds
  10 rats
92 creatures vanquished.

Vanquished Creatures (others)
  A plant (Ossuary)
1 creature vanquished.

Grand Total: 93 creatures vanquished

Notes
Turn   | Place    | Note
--------------------------------------------------------------
     0 | D:1      | inmateoo, the Spriggan Enchanter, began the quest for the Orb.
     0 | D:1      | Reached XP level 1. HP: 9/9 MP: 4/4
   141 | D:1      | Reached XP level 2. HP: 11/13 MP: 5/7
   151 | D:1      | Learned a level 2 spell: Ensorcelled Hibernation
   287 | D:1      | Reached skill level 5 in Stealth
   831 | D:2      | Noticed Ijyb
  1076 | D:2      | Killed Ijyb
  1076 | D:2      | Reached XP level 3. HP: 8/16 MP: 0/9
  1847 | D:3      | Reached XP level 4. HP: 19/21 MP: 8/13
  1975 | D:3      | Noticed a phantom
  2195 | D:3      | Learned a level 3 spell: Confuse
  2199 | D:3      | Learned a level 3 spell: Dazzling Spray
  2202 | D:3      | Noticed Jessica
  2207 | D:3      | Killed Jessica
  2229 | D:3      | Reached skill level 6 in Stealth
  2542 | D:4      | Found a radiant altar of Vehumet.
  2777 | D:4      | Reached XP level 5. HP: 24/24 MP: 11/16
  3019 | D:5      | Entered Level 5 of the Dungeon
  3154 | D:5      | Reached skill level 5 in Hexes
  3299 | D:5      | Reached XP level 6. HP: 14/28 MP: 0/18
  3421 | D:5      | Found a sand-covered staircase.
  3426 | Ossuary  | Entered an ossuary
  3490 | Ossuary  | Reached skill level 7 in Stealth
  3718 | Ossuary  | Reached skill level 1 in Evocations
  3757 | D:5      | Reached XP level 7. HP: 3/32 MP: 17/20
  4432 | D:5      | Noticed Eustachio
  4533 | D:5      | Learned a level 4 spell: Enslavement
  4549 | D:5      | Found Gaupt's Gadget Shop.
  4585 | D:5      | Reached skill level 5 in Dodging
  4597 | D:5      | Succumbed to a killer bee's poison

Action                   |  1- 3 |  4- 6 |  7- 9 || total
-------------------------+-------+-------+-------++-------
Melee: Dagger            |   102 |    45 |       ||   147
       Rapier            |       |    84 |    31 ||   115
 Cast: Corona            |     2 |     3 |       ||     5
       Ensorcelled Hiber |    30 |    16 |    15 ||    61
       Dazzling Spray    |       |     6 |       ||     6
Evoke: Wand              |       |     7 |       ||     7
  Use: Scroll            |       |    13 |       ||    13
       Potion            |       |     2 |       ||     2
 Stab: Sleeping          |    26 |    22 |     6 ||    54
       Invisible         |       |    10 |       ||    10
  Eat: Royal jelly       |       |     2 |       ||     2
